 Dungeon Crawl Stone Soup version 0.28.0 (webtiles) character file.

Game seed: 2858610618895061937

3231 crazypyro the Severer (level 9, -6/74 HPs)
             Began as a Minotaur Fighter on Feb 9, 2022.
             Was a Follower of Makhleb.
             Succumbed to Harold's poison
             ... on level 7 of the Dungeon.
             The game lasted 00:08:47 (5413 turns).

crazypyro the Severer (Minotaur Fighter)            Turns: 5413, Time: 00:08:48

Health: -6/74      AC: 12    Str: 25    XL:     9   Next: 66%
Magic:  8/8        EV:  9    Int:  5    God:    Makhleb [*.....]
Gold:   509        SH:  8    Dex: 10    Spells: 8/8 levels left

rFire   . . .      SeeInvis .   E - +1 war axe (flame)
rCold   . . .      Faith    .   A - +0 kite shield
rNeg    + . .      Spirit   .   u - +0 plate armour
rPois   .          Reflect  .   (helmet restricted)
rElec   .          Harm     .   (no cloak)
rCorr   .          Rampage  .   (no gloves)
Will    .....                   (no boots)
Stlth   ..........              l - amulet of regeneration
HPRegen 1.02/turn               j - +4 ring of evasion
MPRegen 0.11/turn               p - ring of positive energy

@: lethally poisoned (-6 -> -59), flying, studying Axes
A: horns 2, retaliatory headbutt
a: Renounce Religion


You were on level 7 of the Dungeon.
You worshipped Makhleb.
Makhleb was aware of your devotion.
You visited 2 branches of the dungeon, and saw 8 of its levels.
You also visited: Sewer.

You collected 509 gold pieces.

Inventory:

Hand Weapons
 a - a +1 war axe
 m - the +6 dagger "Cyus" {flame, rPois rCorr}
   (You found it in a sewer)

   It burns those it strikes, dealing additional fire damage.
   rPois:     It protects you from poison.
   rCorr:     It protects you from acid and corrosion.
 E - a +1 war axe of flaming (weapon)
Missiles
 r - a throwing net (quivered)
Armour
 b - a +1 scale mail
 c - a +0 buckler
 u - a +0 plate armour (worn)
 A - a +0 kite shield (worn)
Jewellery
 j - a +4 ring of evasion (left hand)
 l - an amulet of regeneration (around neck)
 p - a ring of positive energy (right hand)
 q - a +4 ring of evasion
Wands
 i - a wand of flame (12)
Scrolls
 f - a scroll of magic mapping {unknown}
 g - 5 scrolls of teleportation
 h - a scroll of enchant armour
 s - a scroll of brand weapon {unknown}
 v - a scroll of torment {unknown}
 w - 3 scrolls of amnesia
 x - a scroll of summoning {unknown}
 y - 2 scrolls of identify
 z - a scroll of enchant weapon
 C - a scroll of acquirement
Potions
 d - a potion of might
 e - a potion of berserk rage {unknown}
 k - a potion of lignification
 n - 2 potions of resistance
 t - a potion of mutation {unknown}
 B - a potion of flight
 D - a potion of brilliance


   Skills:
 + Level 5.0 Fighting
 * Level 18.1 Axes
 + Level 4.9 Armour
 + Level 1.5 Dodging
 + Level 5.0 Shields


You had 8 spell levels left.
You didn't know any spells.
Your spell library contained the following spells:

 Spells                   Type           Power      Damage    Failure   Level
 Corpse Rot               Necr/Air       0%         N/A       100%        2
 Poisonous Vapours        Pois/Air       0%         N/A       100%        2


Dungeon Overview and Level Annotations

Branches:
Dungeon (7/15)             Temple (1/1) D:6           Sewer (visited)

Altars:
Ashenzari
Gozag
Kikubaaqudgha
Makhleb
Qazlal
Ru
Sif Muna
Wu Jian
Zin

Shops:
D:4 [   D:6 (

Annotations:
D:5 1 runed translucent door, Crazy Yiuf
D:7 Harold


Innate Abilities, Weirdness & Mutations

You have a pair of horns on your head.
You reflexively headbutt those who attack you in melee.


Message History

No target in view!
No target in view!
Found a mace.
No target in view!
Found 3 boomerangs.
Harold the Weathered comes into view.
He is wielding a +2 trident of venom.
Harold shouts!
An orc and an orc wizard come into view.
The orc wizard shouts!
Harold says, "Let's make it quick, okay?
I've got mouths to feed."
The orc moves out of view.
An orc comes into view. It is wielding a +0 whip.
The orc shouts!
Found a stone staircase leading up.
Harold drinks a potion.
Harold seems to grow stronger.
You hit Harold but do no damage.
Harold hits you with a +2 trident of venom!!
You are poisoned.
You hit Harold. You burn Harold.
Harold is lightly wounded.
You closely miss the orc wizard.
You feel extremely sick. Harold gestures at you while chanting.
You barely resist.
The orc wizard gestures at you while chanting.
You easily resist.
You are too injured to fight recklessly!
You are too injured to fight recklessly!
You are too injured to fight recklessly!
You slash Harold! You burn Harold.
Harold is moderately wounded.
You miss the orc wizard.
You feel very sick.
Harold hits you with a +2 trident of venom!!
* * * LOW HITPOINT WARNING * * *
You are more poisoned.
It was a potion of flight.
You feel very buoyant.
You fly up into the air.
You die...

####### ....... ......<
##....... ##.o...... .#
###.@oo.....
#####....###...#@......
#..........(.###.......
#..........#.# ####.##
#.........##.# #
#.........##.##
#..>.....)##..####..
#.........#.........
#....^......######..


You could see Harold (strong), an orc wizard and 2 orcs.

Vanquished Creatures
  Maggie (D:7)
  Sigmund (D:5)
  Eustachio (D:5)
  A steam dragon (D:7)
  Menkaure (D:7)
  A water moccasin (D:6)
  An orc warrior (D:6)
  2 ice beasts
  A sky beast (D:5)
  A black bear (D:6)
  A necrophage (D:7)
  2 ogres
  A phantom (D:4)
  2 bullfrogs (Sewer)
  4 scorpions
  A gnoll sergeant (D:6)
  A water moccasin skeleton (D:6)
  3 wights (D:7)
  2 howler monkeys
  2 hounds
  A jelly (D:5)
  6 orc priests
  8 orc wizards
  3 iguanas
  A hound skeleton (D:4)
  2 howler monkey zombies (D:7)
  11 adders
  11 gnolls
  A shadow imp (D:6)
  A white imp (D:6)
  An adder skeleton (D:4)
  2 worms (D:2)
  A dart slug (D:5)
  22 orcs
  16 ball pythons
  8 bats
  16 endoplasms
  9 giant cockroaches
  8 goblins
  10 hobgoblins
  9 jackals
  12 quokkas
  5 frilled lizards (Sewer)
  4 kobolds
  4 rats
202 creatures vanquished.

Notes
Turn   | Place    | Note
-------+----------+-------------------------------------------
     0 | D:1      | crazypyro the Minotaur Fighter began the quest for the Orb.
     0 | D:1      | Reached XP level 1. HP: 19/19 MP: 0/0
   393 | D:1      | Reached XP level 2. HP: 27/27 MP: 1/1
   400 | D:1      | Reached skill level 3 in Axes
   785 | D:1      | Found a faded altar of an unknown god.
   930 | D:2      | Reached XP level 3. HP: 28/33 MP: 2/2
  1343 | D:2      | Reached XP level 4. HP: 40/40 MP: 3/3
  1352 | D:2      | Reached skill level 4 in Axes
  1982 | D:3      | Reached XP level 5. HP: 47/47 MP: 4/4
  2260 | D:3      | You fall into a shaft and drop 1 floor!
  2320 | D:4      | Noticed a phantom
  2326 | D:4      | Reached skill level 5 in Axes
  2331 | D:4      | Killed a phantom
  2377 | D:4      | Found Bodi's Antique Armour Emporium.
  2445 | D:4      | Reached skill level 6 in Axes
  2445 | D:4      | Reached XP level 6. HP: 47/53 MP: 5/5
  2528 | D:4      | Found a glowing drain.
  2552 | Sewer    | Entered a sewer
  2708 | Sewer    | Reached skill level 7 in Axes
  2783 | Sewer    | Reached skill level 8 in Axes
  2783 | Sewer    | Reached XP level 7. HP: 55/60 MP: 6/6
  2785 | Sewer    | Identified the +6 dagger "Cyus" {flame, rPois rCorr}
  3128 | D:4      | Reached skill level 9 in Axes
  3400 | D:5      | Entered Level 5 of the Dungeon
  3418 | D:5      | Noticed Eustachio
  3424 | D:5      | Killed Eustachio
  3447 | D:5      | Reached skill level 10 in Axes
  3449 | D:5      | Reached XP level 8. HP: 67/67 MP: 7/7
  3490 | D:5      | Identified a scroll of acquirement
  3490 | D:5      | Acquired a manual of Axes
  3520 | D:5      | Noticed Sigmund
  3528 | D:5      | Killed Sigmund
  3529 | D:5      | Reached skill level 11 in Axes
  3598 | D:5      | Reached skill level 12 in Axes
  3761 | D:5      | Found a runed translucent door.
  3762 | D:5      | Noticed Crazy Yiuf
  4183 | D:5      | Reached skill level 13 in Axes
  4407 | D:6      | Found a staircase to the Ecumenical Temple.
  4425 | D:6      | Reached skill level 14 in Axes
  4433 | Temple   | Entered the Ecumenical Temple
  4574 | Temple   | Became a worshipper of Makhleb the Destroyer
  4761 | D:6      | Reached skill level 15 in Axes
  4782 | D:6      | Reached XP level 9. HP: 70/72 MP: 8/8
  4932 | D:6      | Reached skill level 16 in Axes
  5027 | D:6      | Found Zaewupne's Antique Weapon Shop.
  5128 | D:7      | Reached skill level 17 in Axes
  5129 | D:7      | Noticed Maggie
  5137 | D:7      | Killed Maggie
  5137 | D:7      | Reached * piety under Makhleb
  5260 | D:7      | Noticed Menkaure
  5263 | D:7      | Reached skill level 1 in Dodging
  5266 | D:7      | Reached skill level 18 in Axes
  5344 | D:7      | Killed Menkaure
  5345 | D:7      | Reached skill level 5 in Fighting
  5345 | D:7      | Reached skill level 5 in Shields
  5406 | D:7      | Noticed Harold
  5413 | D:7      | Succumbed to Harold's poison

Illustrated notes

Levels and vault maps discovered:
D:1:      beargit_arrival_diablo_church, layout_basic,
          shapermc_ecumenical_altar_starsandcircs
D:2:      layout_loops_ring
D:3:      layout_loops_cross
D:4:      nicolae_cairo_tiling_very_big, layout_loops_cross,
          cheibrodos_sewer_entry_drain, nicolae_take_the_stairs,
          kennysheep_decorative_pillar
D:5:      layout_gridville, uniq_sigmund, uniq_crazy_yiuf_cottage,
          uniq_eustachio
D:6:      layout_rooms, minmay_temple_entry_gardened_gates, serial_shops,
          nicolae_stop_n_shop_2
D:7:      layout_rooms, uniq_menkaure, uniq_harold, uniq_duvessa, uniq_maggie
Temple:   mainiacjoe_temple_trianglar_array

Skill      XL: |  1  2  3  4  5  6  7  8  9 |
---------------+----------------------------+-----
Axes           | 3 4 6 8 10 15 18 | 18.1
Fighting       | 4 5 |  5.0
Armour         | 4 |  4.9
Shields        | 4 5 |  5.0
Dodging        | 1 |  1.5

Action                   |  1- 3 |  4- 6 |  7- 9 || total
-------------------------+-------+-------+-------++-------
Melee: War axe           |    75 |   157 |   194 ||   426
       Headbutt          |     8 |    19 |    34 ||    61
       Dagger            |       |       |    28 ||    28
  Use: Scroll            |     2 |       |     9 ||    11
       Potion            |       |       |     1 ||     1
Armor: Scale mail        |    27 |    44 |    26 ||    97
       Plate armour      |       |       |    36 ||    36
Dodge: Dodged            |    34 |   118 |    94 ||   246
Block: Buckler           |    13 |    51 |    26 ||    90
       Kite shield       |       |       |    10 ||    10
